 Dungeon Crawl Stone Soup version 0.28-a0-1555-g9ae15a6949 (webtiles) character file.

Game seed: 9303291990930644538

344 kae the Ruffian (level 6, 0/50 HPs)
             Began as a Draconian Transmuter on Jan 18, 2022.
             Was an Initiate of Ru.
             Frozen to death by an endoplasm (5 damage)
             ... in the Ecumenical Temple.
             The game lasted 00:03:26 (5344 turns).

kae the Ruffian (Draconian Transmuter)              Turns: 5344, Time: 00:03:27

Health: 0/50       AC:  2    Str: 12    XL:     6   Next: 31%
Magic:  8/10       EV: 19    Int: 16    God:    Ru [......]
Gold:   68         SH:  0    Dex: 16    Spells: 2/10 levels left

rFire   . . .      SeeInvis .     - Unarmed
rCold   . . .      Faith    .   (shield currently unavailable)
rNeg    . . .      Spirit   .   (armour unavailable)
rPois   x          Reflect  .   (helmet currently unavailable)
rElec   .          Harm     .   (cloak currently unavailable)
rCorr   .          Rampage  .   (gloves currently unavailable)
Will    .....                   (boots currently unavailable)
Stlth   +.........              (no amulet)
HPRegen 0.16/turn               b - ring of flight
MPRegen 0.12/turn               (no ring)

@: spider-form (expiring), flying
A: venomous fangs, AC +6, tiny, unfitting armour, (cold-blooded)
a: End Transformation, Renounce Religion


You were in the Ecumenical Temple.
You worshipped Ru.
Ru was noncommittal.
You were a venomous arachnid creature.
You visited 2 branches of the dungeon, and saw 5 of its levels.

You collected 68 gold pieces.

Inventory:

Jewellery
 b - a ring of flight (left front leg)
 j - a ring of protection from fire
Wands
 c - a wand of flame (9)
 g - a wand of iceblast (5)
Potions
 a - a potion of degeneration
 d - a potion of curing
 e - a potion of heal wounds
 f - a potion of cancellation {unknown}
 i - a potion of berserk rage {unknown}
 l - a potion of invisibility {unknown}


   Skills:
 + Level 2.5 Fighting
 + Level 2.5 Dodging
 * Level 4.4 Unarmed Combat
 + Level 2.8 Spellcasting
 * Level 3.7 Transmutations
 * Level 0.0 Ice Magic
 - Level 2.0 Poison Magic


You had 2 spell levels left.
You knew the following spells:

 Your Spells              Type           Power      Damage    Failure   Level
a - Beastly Appendage     Tmut           28%        N/A       13%         1
b - Spider Form           Tmut/Pois      11%        N/A       38%         3
c - Ice Form              Ice/Tmut       8%         N/A       83%         4

Your spell library contained the following spells:

 Spells                   Type           Power      Damage    Failure   Level
 Wereblood                Tmut           14%        N/A       17%         2
 Sandblast                Erth           4%         2d4       38%         1


Dungeon Overview and Level Annotations

Branches:
Dungeon (4/15)             Temple (1/1) D:4

Altars:
Cheibriados
Dithmenos
Elyvilon
Fedhas
Gozag
Hepliaklqana
Kikubaaqudgha
Makhleb
Nemelex Xobeh
Okawaru
Qazlal
Ru
Sif Muna
Trog
Uskayaw
Vehumet
Wu Jian
Xom
Yredelemnul
Zin
The Shining One

Shops:
D:3 [

Annotations:
D:3 2 transporters, p0werm0de's ghost, amateur BaCK
Temple Pikel


Innate Abilities, Weirdness & Mutations

You are a venomous arachnid creature.
You have poisonous fangs.
You are tiny and dextrous.
Your spellcasting is less reliable in this form.
Your armour is entirely melded.
You are incapable of wielding weapons or throwing items.
((Your plain brown scales are hard. (AC +6)))
You cannot fit into any form of body armour.
((You are cold-blooded and may be slowed by cold attacks.))


Message History

You hit Pikel.
Pikel is poisoned.
Pikel is lightly wounded.
The endoplasm misses you.
Pikel hits you with a +1 whip of flaming!
Pikel burns you.
You hit Pikel but do no damage.
Pikel looks as sick as possible!
Pikel is lightly wounded.
The endoplasm hits you but does no damage.
Pikel completely misses you.
You closely miss Pikel.
Pikel is lightly wounded.
The endoplasm freezes you.
You are frozen.
Pikel hits you with a +1 whip of flaming.
Pikel burns you.
You hit Pikel.
Pikel looks as sick as possible!
Pikel is lightly wounded.
The endoplasm freezes you.
You are frozen.
Pikel barely misses you.
You hit Pikel.
Pikel looks as sick as possible!
Pikel is moderately wounded.
The endoplasm misses you. Pikel misses you.
You hit Pikel.
Pikel looks as sick as possible!
Pikel is heavily wounded.
The endoplasm freezes you.
You are frozen.
Pikel misses you.
You bite Pikel!
Pikel looks as sick as possible!
Pikel is severely wounded.
The endoplasm freezes you.
You are frozen.
You hit Pikel but do no damage.
Pikel looks as sick as possible!
Pikel is severely wounded.
Your transformation is almost over.
Pikel hits you with a +1 whip of flaming!
* * * LOW HITPOINT WARNING * * *
Pikel burns you.
* * * LOW HITPOINT WARNING * * *
The endoplasm freezes you.
You are frozen.
You die...

≈§≈≈≈≈≈..._..........._...≈≈§§≈§≈
§§≈≈≈§.....................§≈§§≈≈
≈≈§≈≈..........._..........§≈§§§≈
≈§≈§.........................≈≈§§
§≈≈...._................._....≈§§
§§.............................§§
≈..........._......._...........≈
...............J.[...............
.._............Ks............._..
...............[.................
.........._..........._..........
.................................
................_................
.................................
...._......................._....
.................................
......§....._......._............


You could see Pikel (extremely poisoned) and an endoplasm.

Vanquished Creatures
  An ogre (D:2)
  A lemure (Temple)
  An orc priest (D:3)
  2 iguanas
  Ijyb (D:3)
  2 orc wizards
  An adder (D:3)
  An ufetubus (Temple)
  2 worms (D:2)
  2 dart slugs
  5 orcs
  5 ball pythons
  10 endoplasms
  7 giant cockroaches
  8 goblins
  3 hobgoblins
  2 jackals (D:1)
  4 kobolds (D:1)
  5 quokkas
  3 bats
  4 frilled lizards
  5 rats
75 creatures vanquished.

Notes
Turn   | Place    | Note
-------+----------+-------------------------------------------
     0 | D:1      | kae the Draconian Transmuter began the quest for the Orb.
     0 | D:1      | Reached XP level 1. HP: 16/16 MP: 3/3
   117 | D:1      | Found a faded altar of an unknown god.
   125 | D:1      | Got Plato's Handbook of the Mountains
   133 | D:1      | Reached XP level 2. HP: 23/23 MP: 3/5
   779 | D:1      | Reached XP level 3. HP: 26/28 MP: 4/6
   802 | D:1      | Learned a level 3 spell: Spider Form
  1782 | D:2      | Noticed an ogre
  2080 | D:2      | Reached XP level 4. HP: 21/36 MP: 3/7
  2469 | D:2      | Reached skill level 1 in Poison Magic
  2933 | D:2      | Killed an ogre
  2934 | D:2      | Reached XP level 5. HP: 41/41 MP: 4/8
  3369 | D:3      | Found Gaoqulle's Antique Armour Shoppe.
  3772 | D:3      | Reached skill level 4 in Unarmed Combat
  4060 | D:3      | Noticed Ijyb
  4087 | D:3      | Killed Ijyb
  4088 | D:3      | Reached XP level 6. HP: 27/49 MP: 6/10
  4455 | D:3      | Noticed p0werm0de's ghost (amateur BaCK)
  4457 | D:3      | Found a transporter.
  4568 | D:3      | Found a transporter.
  4592 | D:4      | Found a staircase to the Ecumenical Temple.
  4611 | Temple   | Entered the Ecumenical Temple
  4918 | Temple   | Became a worshipper of Ru the Awakened
  5009 | D:4      | Noticed a steam dragon
  5268 | Temple   | Learned a level 4 spell: Ice Form
  5288 | D:4      | Noticed Pikel
  5344 | Temple   | Frozen to death by an endoplasm

Illustrated notes

Levels and vault maps discovered:
D:1:      dpeg_arrival_fog, layout_basic, shapermc_ecumenical_altar_rom_forum
D:2:      layout_basic, lemuel_old_faithful
D:3:      layout_loops_ring, gammafunk_ghost_smash, serial_shops, shop,
          dk_noncrumbling_2, kennysheep_generic_room_3, uniq_ijyb
D:4:      layout_cave_pods, minmay_temple_entry_arrows, uniq_pikel
Temple:   compressed_dpeg_triangle_lava_temple

Skill      XL: |  1  2  3  4  5 |
---------------+----------------+-----
Dodging        | 2 |  2.5
Poison Magic   | 1 2 |  2.0
Fighting       | 2 |  2.5
Transmutations | 3 |  3.7
Unarmed Combat | 4 |  4.4
Spellcasting   | |  2.8

Action                   |  1- 3 |  4- 6 || total
-------------------------+-------+-------++-------
Melee: Unarmed           |    83 |   162 ||   245
       Kick              |    14 |    19 ||    33
       Tailslap          |     7 |    12 ||    19
       Headbutt          |     5 |    10 ||    15
       Punch             |     2 |     3 ||     5
 Cast: Beastly Appendage |    25 |    20 ||    45
       Spider Form       |     1 |    10 ||    11
  Use: Scroll            |     2 |     7 ||     9
       Potion            |       |     3 ||     3
 Stab: Sleeping          |     2 |       ||     2
Armor: Skin              |    22 |    44 ||    66
Dodge: Dodged            |    55 |   105 ||   160

Table legend: (Time is in decaauts)
 A = Elapsed time spent in this place.
 B = Non-inter-level travel time spent in this place.
 C = Inter-level travel time spent in this place.
 D = Time resting spent in this place.
 E = Time spent auto-exploring this place.
 F = Levels seen in this place.
 G = Mean time per level.
                   A        B        C        D        E       F      G
               +--------+--------+--------+--------+--------+-----+--------+
         Total |   5336 |   5019 |    317 |    668 |   3584 |   5 | 1067.2 |
       Dungeon |   4707 |   4437 |    270 |    431 |   3319 |   4 | 1176.8 |
        Temple |    629 |    583 |     46 |    237 |    265 |   1 |  629.0 |
               +--------+--------+--------+--------+--------+-----+--------+

Top non-repeatable levels by time:
     D:1: 2270 daAuts
     D:2: 1154 daAuts
     D:3: 1152 daAuts
  Temple: 629 daAuts
     D:4: 129 daAuts
